 Dungeon Crawl Stone Soup version 0.27-a0-1434-g6f15984924 (webtiles) character file.

Game seed: 14453710597918507752

63 tatocazan the Shield-Bearer (level 3, 0/33 HPs)
             Began as a Minotaur Fighter on July 4, 2021.
             Slain by Crazy Yiuf (13 damage)
             ... on level 2 of the Dungeon.
             The game lasted 00:01:33 (1556 turns).

tatocazan the Shield-Bearer (Minotaur Fighter)      Turns: 1556, Time: 00:01:33

Health: 0/33       AC:  7    Str: 21    XL:     3   Next: 89%
Magic:  2/2        EV:  7    Int:  5    God:
Gold:   136        SH:  9    Dex:  9    Spells: 2/2 levels left

rFire    . . .     SeeInvis .   a - +0 war axe
rCold    . . .     Faith    .   c - +0 kite shield
rNeg     . . .     Spirit   .   b - +0 scale mail
rPois    .         Reflect  .   (helmet restricted)
rElec    .         Harm     .   (no cloak)
rCorr    .         Rampage  .   (no gloves)
Will     +....                  (no boots)
Stlth    ..........             (no amulet)
HPRegen  0.11/turn              f - ring of willpower
MPRegen  0.08/turn              (no ring)

@: lethally poisoned (0 -> -3)
A: horns 2, retaliatory headbutt
a: no special abilities


You were on level 2 of the Dungeon.
You visited 1 branch of the dungeon, and saw 2 of its levels.

You collected 136 gold pieces.

Inventory:

Hand Weapons
 a - a +0 war axe (weapon)
Armour
 b - a +0 scale mail (worn)
 c - a +0 kite shield (worn)
Jewellery
 f - a ring of willpower (left hand)
Scrolls
 h - 2 scrolls of enchant weapon {unknown}
 i - 2 scrolls of identify {unknown}
 j - a scroll of holy word {unknown}
 l - a scroll of teleportation {unknown}
Potions
 d - a potion of might
 e - a potion of heal wounds {unknown}
 g - 2 potions of brilliance {unknown}
 k - 3 potions of curing {unknown}


   Skills:
 + Level 4.1 Fighting
 * Level 3.6 Axes
 + Level 4.1 Armour
 + Level 4.2 Shields


You had 2 spell levels left.
You didn't know any spells.
Your spell library contained the following spells:

 Spells                   Type           Power      Damage    Failure   Level
 Magic Dart               Conj           0%         1d3       99%         1
 Searing Ray              Conj           0%         3d3       100%        2
 Gell's Gravitas          Tloc           0%         N/A       100%        3
 Lesser Beckoning         Tloc           0%         N/A       100%        3
 Teleport Other           Tloc           0%         N/A       100%        3
 Tukima's Dance           Hex            0%         N/A       100%        3
 Fulminant Prism          Conj/Hex       0%         3d6       100%        4
 Passage of Golubria      Tloc           N/A        N/A       100%        4
 Yara's Violent Unravell  Hex/Tmut       0%         3d3       100%        5


Dungeon Overview and Level Annotations

Branches:
Dungeon (2/15)

Altars:

Shops:
D:1 (

Annotations:
D:2 Crazy Yiuf


Innate Abilities, Weirdness & Mutations

You have a pair of horns on your head.
You reflexively headbutt those who attack you in melee.


Message History

No target in view!
No target in view!
You see here a giant cockroach corpse.
Found 21 bolts.
Key pressed, stopping explore.
There is a stone staircase leading up here.
Key pressed, stopping explore.
You open the door.
There is an open door here.
You see here 21 bolts.
You see here a +0 dagger.
You open the door. You closely miss Crazy Yiuf.
Crazy Yiuf hits you but does no damage.
You barely miss Crazy Yiuf. Crazy Yiuf barely misses you.
Crazy Yiuf hits you with a +2 quarterstaff of chaos!
You are poisoned.
You take 7 damage, and have 26/33 hp.
MASSIVE DAMAGE!!
You hit Crazy Yiuf but do no damage. Your headbutt misses Crazy Yiuf.
You feel very sick.
Crazy Yiuf screams, "Sif Muna!"
Crazy Yiuf closely misses you.
You take 5 damage, and have 21/33 hp.
Your shield prevents you from hitting Crazy Yiuf.
You headbutt Crazy Yiuf!
Crazy Yiuf is heavily wounded.
You feel very sick. You block Crazy Yiuf's attack.
Crazy Yiuf hits you with a +2 quarterstaff of chaos.
Crazy Yiuf burns you.
You take 5 damage, and have 16/33 hp.
You barely miss Crazy Yiuf.
Crazy Yiuf is heavily wounded.
You feel sick. You block Crazy Yiuf's attack. Crazy Yiuf barely misses you.
You take 2 damage, and have 14/33 hp.
You closely miss Crazy Yiuf.
Crazy Yiuf is heavily wounded.
You feel sick.
Crazy Yiuf says, "Cake!
Ghoul wrapper shoe."
Crazy Yiuf hits you with a +2 quarterstaff of chaos!
You die...

................####..#
#.##....#
.....##.##.###### ####
#.##....# .#...##.##.#
####.##.#...
.#.......#.# #####
#....##.#...
.#...##.##.# #)..#
####.##.#...
...........# #...#
####.##.#...
.....##.#..# ...
#......<....
##....#.#..# #g#
####.####...
#.......#..# ♣@♣♣
#....# ##..
##....###.)# ♣♣.♣
###### #.# ##....###..#
♣.♣♣ #.. ...........#
♣♣.♣ ##########..
##...##....# ♣♣.♣♣
#...........
.....##.#..# ♣♣...♣
#########...
....###.#..# ♣....♣
#... ....# #.#..#
#....# #... ....#
#.#..####+..+## #...


You could see Crazy Yiuf.

Vanquished Creatures
  An adder (D:2)
  A dart slug (D:2)
  7 ball pythons
  3 bats
  7 endoplasms
  3 giant cockroaches
  2 hobgoblins
  4 jackals
  5 quokkas
  4 frilled lizards
  3 goblins
  A kobold (D:2)
  7 rats
48 creatures vanquished.

Notes
Turn   | Place    | Note
-------+----------+-------------------------------------------
     0 | D:1      | tatocazan the Minotaur Fighter began the quest for the Orb.
     0 | D:1      | Reached XP level 1. HP: 19/19 MP: 0/0
   235 | D:1      | Found a faded altar of an unknown god.
   266 | D:1      | Reached XP level 2. HP: 25/27 MP: 1/1
   722 | D:1      | Found Myosoot's Weapon Shop.
   840 | D:2      | Reached XP level 3. HP: 33/33 MP: 2/2
   976 | D:2      | Found a runed translucent door.
   977 | D:2      | Noticed Crazy Yiuf
  1556 | D:2      | Slain by Crazy Yiuf

Illustrated notes

Levels and vault maps discovered:
D:1:      dpeg_arrival_lava_temple_mockup, layout_loops_cross, serial_shops,
          nicolae_shop_statue_plus, dilly_ecumenical_altar_fadedgnrine,
          serial_glass, glass_columns_b, glass_columns_c
D:2:      layout_basic, uniq_crazy_yiuf_cottage

Skill      XL: |  1  2 |
---------------+-------+-----
Axes           | 3 |  3.6
Fighting       | 4 |  4.1
Shields        | 4 |  4.2
Armour         | 4 |  4.1

Action                   || total
-------------------------++-------
Melee: War axe           ||    84
       Headbutt          ||    11
Armor: Scale mail        ||    42
Dodge: Dodged            ||    33
Block: Kite shield       ||    37

Table legend: (Time is in decaauts)
 A = Elapsed time spent in this place.
 B = Non-inter-level travel time spent in this place.
 C = Inter-level travel time spent in this place.
 D = Time resting spent in this place.
 E = Time spent auto-exploring this place.
 F = Levels seen in this place.
 G = Mean time per level.
                   A        B        C        D        E       F      G
               +--------+--------+--------+--------+--------+-----+--------+
         Total |   1602 |   1597 |      5 |      0 |   1354 |   2 |  801.0 |
       Dungeon |   1602 |   1597 |      5 |      0 |   1354 |   2 |  801.0 |
               +--------+--------+--------+--------+--------+-----+--------+

Top non-repeatable levels by time:
     D:1: 857 daAuts
     D:2: 745 daAuts
